 Dungeon Crawl Stone Soup version 0.28-a0-503-g83f2989fac (webtiles) character file.

Game seed: 12053219430278059622

26758 pokeman the Eclecticist (level 13, -18/72 HPs)
             Began as a Deep Elf Hedge Wizard on Sept 19, 2021.
             Was a High Priest of Vehumet.
             Killed from afar by Azrael (38 damage)
             ... with damnation
             ... on level 12 of the Dungeon on Sept 20, 2021.
             The game lasted 00:45:54 (16766 turns).

pokeman the Eclecticist (Deep Elf Hedge Wizard)    Turns: 16766, Time: 00:45:55

Health: -18/72     AC: 13    Str: 10    XL:     13   Next: 0%
Magic:  5/36       EV: 12    Int: 25    God:    Vehumet [*****.]
Gold:   1574       SH:  5    Dex: 14    Spells: 16/46 levels left

rFire   . . .      SeeInvis .   m - staff of conjuration
rCold   . . .      Faith    .   (no shield)
rNeg    + . .      Spirit   .   S - +0 acid dragon scales
rPois   .          Reflect  +   u - +2 helmet
rElec   .          Harm     .   k - +0 cloak
rCorr   +          Rampage  .   L - +0 pair of gloves of the Apprentice {Regen+ Str+3}
Will    +....                   (no boots)
Stlth   ++........              s - amulet of reflection
HPRegen 1.22/turn               i - ring of positive energy
MPRegen 0.25/turn               (no ring)

@: no status effects
A: no striking features
a: Renounce Religion


You were on level 12 of the Dungeon.
You worshipped Vehumet.
Vehumet was extremely pleased with you.
You visited 1 branch of the dungeon, and saw 12 of its levels.
You also visited: Bailey.

You collected 1574 gold pieces.

Inventory:

Hand Weapons
 h - a +4 dagger of distortion
 A - a +0 war axe of electrocution
 H - a +2 dagger of venom
 X - a +3 longbow of flaming
Missiles
 e - 9 curare-tipped darts
 f - 407 arrows
 F - a throwing net
Armour
 k - a +0 cloak (worn)
 t - +0 steam dragon scales
 u - a +2 helmet (worn)
 L - the +0 pair of gloves of the Apprentice (worn) {Regen+ Str+3}
   (You found it on level 9 of the Dungeon)

   Str:       It affects your strength (+3).
   Regen:     It increases your rate of health regeneration.
 S - +0 acid dragon scales (worn)
Magical Staves
 m - a staff of conjuration (weapon)
 D - a staff of earth
Jewellery
 i - a ring of positive energy (left hand)
 s - an amulet of reflection (around neck)
 V - a ring of ice
Wands
 a - a wand of paralysis (10)
 d - a wand of acid (5)
 p - a wand of flame (24)
 w - a wand of digging (3)
 G - a wand of polymorph (18)
 O - a wand of mindburst (16)
 Q - a wand of iceblast (13)
Scrolls
 b - 2 scrolls of enchant armour
 c - a scroll of silence
 j - 3 scrolls of amnesia
 o - 2 scrolls of torment
 q - a scroll of brand weapon
 v - 3 scrolls of fear
 y - 2 scrolls of teleportation
 C - 3 scrolls of vulnerability
 I - 2 scrolls of fog
 J - 2 scrolls of immolation
 K - a scroll of blinking {unknown}
 R - a scroll of identify
 U - a scroll of acquirement {unknown}
Potions
 g - 2 potions of curing
 l - a potion of heal wounds
 n - 2 potions of mutation {unknown}
 r - 3 potions of lignification
 x - 3 potions of brilliance {unknown}
 z - a potion of magic {unknown}
 B - a potion of degeneration {unknown}
 E - a potion of berserk rage {unknown}
 M - 2 potions of haste {unknown}
 P - a potion of resistance {unknown}
 T - a potion of might {unknown}
 W - 2 potions of invisibility {unknown}
Miscellaneous
 N - a condenser vane


   Skills:
 + Level 5.0 Fighting
 - Level 6.2 Armour
 - Level 3.0 Dodging
 - Level 3.0 Stealth
 * Level 17.4 Spellcasting
 + Level 10.9 Conjurations
 - Level 1.1 Summonings
 - Level 1.1 Translocations
 - Level 1.2 Transmutations
 - Level 1.0 Fire Magic
 - Level 4.0 Air Magic
 + Level 9.4 Earth Magic
 - Level 1.2 Poison Magic
 - Level 1.2 Evocations


You had 16 spell levels left.
You knew the following spells:

 Your Spells              Type           Power      Damage    Failure   Level
a - Magic Dart            Conj           100%       1d8       1%          1
b - Mephitic Cloud        Conj/Pois/Air  65%        N/A       1%          3
c - Call Imp              Summ           27%        N/A       3%          2
d - Blink                 Tloc           N/A        N/A       3%          2
e - Conjure Flame         Conj/Fire      67%        6-21      1%          3
f - Shock                 Conj/Air       100%       1d9       1%          1
g - Stone Arrow           Conj/Erth      100%       3d13      1%          3
h - Lightning Bolt        Conj/Air       36%        1d54      1%          5
i - Lehudib's Crystal Sp  Conj/Erth      41%        10d10     63%         8
j - Wereblood             Tmut           28%        N/A       3%          2

Your spell library contained the following spells:

 Spells                   Type           Power      Damage    Failure   Level
 Olgreb's Toxic Radiance  Pois           28%        N/A       5%          4
 Freeze                   Ice            84%        1d10      1%          1
 Sandblast                Erth           100%       2d20      1%          1
 Passwall                 Tmut/Erth      40%        N/A       1%          2
 Static Discharge         Conj/Air       73%        N/A       1%          2
 Airstrike                Air            21%        N/A       1%          4
 Hailstorm                Conj/Ice       65%        3d14      1%          4
 Summon Small Mammal      Summ           100%       N/A       2%          1
 Frozen Ramparts          Ice            42%        1d6       3%          3
 Animate Armour           Summ/Erth      96%        N/A       4%          4
 Ensorcelled Hibernation  Hex/Ice        42%        N/A       5%          2
 Slow                     Hex            21%        N/A       5%          2
 Sublimation of Blood     Necr           10%        N/A       5%          2
 Spider Form              Tmut/Pois      14%        N/A       6%          3
 Call Canine Familiar     Summ           27%        N/A       7%          3
 Summon Guardian Golem    Hex/Summ       24%        N/A       9%          3
 Confusing Touch          Hex            21%        N/A       11%         3
 Vampiric Draining        Necr           10%        2d7       11%         3
 Summon Lightning Spire   Summ/Air       34%        N/A       12%         4
 Summon Hydra             Summ           13%        N/A       100%        7
 Maxwell's Capacitive Co  Air            21%        ∞         100%        8


Dungeon Overview and Level Annotations

Branches:
Dungeon (12/15)            Temple (0/1) D:7            Lair (0/6) D:8
    Orc (0/2) D:10         Bailey (visited)

Altars:
Ashenzari
Cheibriados
Fedhas
Hepliaklqana
Kikubaaqudgha
Makhleb
Nemelex Xobeh
Qazlal
Ru
Sif Muna
Trog
Uskayaw
Vehumet
Yredelemnul
Zin

Shops:
D:6 [

Annotations:
D:12 Azrael


Message History

The bolt of lightning hits the fire elemental!
The fire elemental resists.
You destroy the fire elemental!
Vehumet accepts your kill.
You feel your power returning.
The bolt of lightning hits the fire elemental!
The fire elemental resists.
The fire elemental is heavily damaged.
The bolt of lightning hits Azrael!!
Azrael is heavily wounded.
You have reached level 13!
Casting: Lightning Bolt (dangerous; 1% risk of failure)
Confirm with . or Enter, or press ? or * to list all spells.
Aiming: Lightning Bolt (dangerous; 1% risk of failure)
Press: ? - help, Shift-Dir - straight line, f/p - Azrael
Aim: Azrael, wielding a +3 scimitar of flaming (heavily wounded, 88% to hit)
You feel a surge of power!
You hear a mighty clap of thunder!
The bolt of lightning misses the fire elemental.
The bolt of lightning hits Azrael!
Azrael is heavily wounded.
The fire elemental hits you. The fire elemental burns you!
* * * LOW HITPOINT WARNING * * *
Azrael gestures at you.
The bolt of fire hits the fire elemental.
The fire elemental completely resists.
The bolt of fire misses you.
Aiming: Corrosive Bolt
Press: ? - help, Shift-Dir - straight line, f/p - Azrael
Aim: Azrael, wielding a +3 scimitar of flaming (heavily wounded, 90% to hit)
The bolt of acid hits the fire elemental!!
The acid corrodes the fire elemental!
You destroy the fire elemental!
Vehumet accepts your kill.
You feel your power returning.
The bolt of acid hits Azrael!
The acid corrodes Azrael!
Azrael is severely wounded.
Azrael gestures at you.
The sphere of damnation explodes!
The damnation engulfs you!!!
Ouch! That really hurt!
You die...

#................^.......
########.................
#.................
#.................
#.........########
#.........# # #.#######.#
# #.# #.# # #@# #.## #
#.# #..# # #.# #..# #
#R#######..#######
#°................
.....☼..................
.RE..°..................
☼..○E...................
..Eh...............<...#


You could see Azrael (corroded).

Vanquished Creatures
  Rupert (D:12)
  Nessos (D:12)
  Erolcha (D:9)
  2 boulder beetles (D:12)
  2 death knights
  2 tengu warriors (D:11)
  3 two-headed ogres
  Urug (D:10)
  Sonja (D:11)
  A goliath frog (shapeshifter) (D:11)
  An orc knight (Bailey)
  A cyclops (D:11)
  2 manticores
  2 slime creatures (D:6)
  A cyclops (shapeshifter) (D:11)
  A water nymph (shapeshifter) (D:11)
  4 gargoyles
  4 kobold demonologists
  Maggie (D:9)
  Psyche (D:9)
  A komodo dragon (D:10)
  2 efreet (D:11)
  A freezing wraith (D:11)
  2 trolls
  A meliai (shapeshifter) (D:11)
  2 shadows
  A vampire (D:8)
  A wraith (D:11)
  4 fire elementals (D:12)
  Grum (D:11)
  3 yaks (D:11)
  A steam dragon (D:7)
  2 vampire mosquitoes (D:11)
  An acid dragon (D:11)
  A hell hound (D:12)
  A water moccasin (D:5)
  3 ice beasts
  A black bear (D:5)
  A sky beast (D:8)
  6 ogres
  3 orc warriors
  2 wolves (D:11)
  15 centaurs
  A phantom (D:7)
  8 kobold brigands
  5 bullfrogs
  2 wyvern skeletons
  A water moccasin skeleton (D:6)
  11 killer bees
  3 howler monkeys
  13 wights
  A bullfrog zombie (D:7)
  6 centaur zombies
  3 hounds
  2 gnoll shamans
  4 orc priests
  7 jellies
  Terence (D:3)
  4 iguanas
  7 orc wizards
  A scorpion zombie (D:5)
  A hound skeleton (D:4)
  A howler monkey zombie (D:7)
  Robin (D:4)
  7 gnolls
  6 adders
  A white imp (D:7)
  An adder skeleton (D:4)
  A worm (D:2)
  4 dart slugs
  16 orcs
  11 ball pythons
  6 endoplasms
  A giant cockroach (D:1)
  18 goblins
  14 hobgoblins
  8 jackals
  28 kobolds
  3 quokkas
  3 bats
  5 rats
305 creatures vanquished.

Vanquished Creatures (others)
  A deep elf pyromancer (D:11)
  A meliai zombie (D:11)
  A basilisk (D:11)
  6 fungi (D:6)
  8 toadstools (D:6)
17 creatures vanquished.

Grand Total: 322 creatures vanquished

Notes
Turn   | Place    | Note
-------+----------+-------------------------------------------
     0 | D:1      | pokeman the Deep Elf Hedge Wizard began the quest for the
                  | Orb.
     0 | D:1      | Reached XP level 1. HP: 10/10 MP: 7/7
   165 | D:1      | Reached XP level 2. HP: 11/16 MP: 1/9
   831 | D:1      | Reached skill level 5 in Spellcasting
  1133 | D:2      | Reached XP level 3. HP: 6/20 MP: 4/11
  1137 | D:2      | Learned a level 3 spell: Mephitic Cloud
  1140 | D:2      | Learned a level 2 spell: Call Imp
  1143 | D:2      | Learned a level 2 spell: Blink
  1147 | D:2      | Learned a level 3 spell: Conjure Flame
  1376 | D:2      | Reached skill level 1 in Armour
  1610 | D:2      | Reached skill level 1 in Fighting
  2113 | D:2      | Reached XP level 4. HP: 19/25 MP: 1/13
  2343 | D:3      | Found a bloodstained altar of Trog.
  2443 | D:3      | Found a hazy altar of Hepliaklqana.
  2455 | D:3      | Found a hide-covered altar of Uskayaw.
  2704 | D:3      | Found a blossoming altar of Fedhas.
  2833 | D:3      | Found a radiant altar of Vehumet.
  2841 | D:3      | Became a worshipper of Vehumet
  2858 | D:3      | Reached skill level 1 in Fire Magic
  3112 | D:3      | Noticed Terence
  3147 | D:3      | Killed Terence
  3148 | D:3      | Reached skill level 6 in Spellcasting
  3365 | D:4      | Reached XP level 5. HP: 29/29 MP: 10/15
  3402 | D:4      | Found a burning altar of Makhleb.
  3637 | D:4      | Noticed Robin
  3656 | D:4      | Killed Robin
  3671 | D:4      | Reached skill level 1 in Air Magic
  3675 | D:4      | Reached * piety under Vehumet
  3675 | D:4      | Offered knowledge of Shock by Vehumet.
  3687 | D:4      | Learned a level 1 spell: Shock
  4349 | D:4      | Found a broken altar of Ashenzari.
  4585 | D:5      | Entered Level 5 of the Dungeon
  4585 | D:5      | Noticed an ice beast
  4596 | D:5      | Killed an ice beast
  4597 | D:5      | Reached skill level 7 in Spellcasting
  4597 | D:5      | Reached skill level 1 in Poison Magic
  4597 | D:5      | Reached skill level 1 in Evocations
  4597 | D:5      | Reached XP level 6. HP: 34/34 MP: 6/18
  4603 | D:5      | Learned a level 5 spell: Lightning Bolt
  4733 | D:5      | Reached XP level 7. HP: 36/38 MP: 1/20
  4922 | D:5      | Learned a level 3 spell: Stone Arrow
  4932 | D:5      | Found a snail-covered altar of Cheibriados.
  4944 | D:5      | Reached skill level 8 in Spellcasting
  5209 | D:5      | Reached skill level 1 in Earth Magic
  5555 | D:5      | Reached XP level 8. HP: 17/44 MP: 16/22
  6066 | D:6      | Reached skill level 9 in Spellcasting
  6169 | D:6      | Found a stormy altar of Qazlal.
  6659 | D:6      | Reached skill level 5 in Conjurations
  6836 | D:6      | Offered knowledge of Poisonous Vapours by Vehumet.
  6911 | D:6      | Found a glowing silver altar of Zin.
  6911 | D:6      | Noticed an angel
  7327 | D:6      | Found Camuegibb's Armour Shoppe.
  7493 | D:6      | HP: 3/66 [poisoned by a kobold brigand (curare-tipped
                  | dart)]
  7495 | D:6      | Reached skill level 10 in Spellcasting
  7498 | D:6      | Reached ** piety under Vehumet
  7766 | D:6      | Noticed a slime creature
  7766 | D:6      | Noticed a slime creature
  7766 | D:6      | Noticed a slime creature
  7785 | D:6      | Killed a large slime creature
  7786 | D:6      | Reached XP level 9. HP: 48/48 MP: 1/25
  7915 | D:6      | Reached skill level 11 in Spellcasting
  8199 | D:7      | Found a flagged portal.
  8257 | Bailey   | Entered a bailey
  8483 | Bailey   | Learned a level 8 spell: Lehudib's Crystal Spear
  8491 | Bailey   | Noticed an orc knight
  8550 | Bailey   | Offered knowledge of Inner Flame by Vehumet.
  8723 | Bailey   | Killed an orc knight
  8776 | Bailey   | Found a bloodstained altar of Trog.
  8877 | D:7      | Reached skill level 12 in Spellcasting
  9141 | D:7      | Reached *** piety under Vehumet
  9189 | D:7      | Noticed a troll
  9198 | D:7      | Killed a troll
  9511 | D:7      | Reached XP level 10. HP: 56/56 MP: 19/28
  9601 | D:7      | Noticed a gargoyle
  9601 | D:7      | Noticed a death knight
  9610 | D:7      | Killed a gargoyle
  9651 | D:7      | Killed a death knight
  9880 | D:7      | Offered knowledge of Iskenderun's Mystic Blast by Vehumet.
  9881 | D:7      | Reached skill level 5 in Earth Magic
  9886 | D:7      | Reached skill level 13 in Spellcasting
  9971 | D:7      | Found a staircase to the Ecumenical Temple.
 10091 | D:8      | Found a staircase to the Lair.
 10317 | D:8      | Found a shimmering blue altar of Sif Muna.
 10338 | D:8      | Found a basalt altar of Yredelemnul.
 10364 | D:8      | Found a sparkling altar of Nemelex Xobeh.
 10926 | D:9      | Identified the +0 pair of gloves of the Apprentice {Regen+
                  | Str+3}
 11033 | D:9      | Noticed a two-headed ogre
 11056 | D:9      | Killed a two-headed ogre
 11315 | D:9      | Reached **** piety under Vehumet
 11320 | D:9      | Noticed Maggie
 11455 | D:9      | Killed Maggie
 11455 | D:9      | Noticed Psyche
 11456 | D:9      | Killed Psyche
 11631 | D:9      | Found an ancient bone altar of Kikubaaqudgha.
 11704 | D:9      | Found a sacrificial altar of Ru.
 11811 | D:9      | Reached skill level 14 in Spellcasting
 11822 | D:9      | Offered knowledge of Irradiate by Vehumet.
 11974 | D:9      | Reached XP level 11. HP: 61/61 MP: 15/31
 12104 | D:9      | Noticed Erolcha
 12121 | D:9      | Killed Erolcha
 12647 | D:10     | Entered Level 10 of the Dungeon
 12730 | D:10     | Found a staircase to the Orcish Mines.
 12737 | D:10     | Noticed Urug
 12747 | D:10     | Killed Urug
 12790 | D:10     | Learned a level 2 spell: Wereblood
 13409 | D:10     | Noticed a two-headed ogre
 13415 | D:10     | Killed a two-headed ogre
 13416 | D:10     | Reached skill level 1 in Transmutations
 14011 | D:11     | Noticed Grum
 14023 | D:11     | Reached skill level 5 in Armour
 14024 | D:11     | Killed Grum
 14032 | D:11     | Noticed a lindwurm
 14035 | D:11     | Noticed a swamp dragon
 14035 | D:11     | a lindwurm changed into a swamp dragon
 14181 | D:11     | Noticed a death drake
 14206 | D:11     | Reached skill level 15 in Spellcasting
 14416 | D:11     | Reached ***** piety under Vehumet
 14590 | D:11     | Noticed Sonja
 14591 | D:11     | Offered knowledge of Olgreb's Toxic Radiance by Vehumet.
 14614 | D:11     | Killed Sonja
 14929 | D:11     | Noticed a two-headed ogre
 14935 | D:11     | Killed a two-headed ogre
 15018 | D:11     | Reached XP level 12. HP: 59/66 MP: 12/33
 15263 | D:11     | Reached skill level 16 in Spellcasting
 15278 | D:11     | Noticed a tengu warrior
 15289 | D:11     | Killed a tengu warrior
 15290 | D:11     | Reached skill level 10 in Conjurations
 15430 | D:11     | Noticed a death knight
 15437 | D:11     | Killed a death knight
 15526 | D:11     | Noticed a tengu warrior
 15536 | D:11     | Killed a tengu warrior
 15869 | D:12     | Noticed Nessos
 15952 | D:12     | Killed Nessos
 16207 | D:12     | Noticed a boulder beetle
 16211 | D:12     | Noticed Rupert
 16225 | D:12     | Killed a boulder beetle
 16226 | D:12     | Reached skill level 17 in Spellcasting
 16227 | D:12     | Killed Rupert
 16351 | D:12     | Upgraded the game from 0.28-a0-500-g121bc3e445 to
                  | 0.28-a0-503-g83f2989fac
 16538 | D:12     | Noticed a boulder beetle
 16547 | D:12     | Killed a boulder beetle
 16548 | D:12     | Reached skill level 5 in Fighting
 16752 | D:12     | Noticed Azrael
 16765 | D:12     | Reached XP level 13. HP: 30/72 MP: 8/36
 16766 | D:12     | Killed from afar by Azrael

Illustrated notes

Levels and vault maps discovered:
D:1:      amcnicky_arrival_single_pillar, layout_loops_ring
D:2:      layout_basic, minmay_domino_4
D:3:      layout_basic, fedhas_altar_4, lemuel_crystal_altar,
          lemuel_crystal_altar, vehumet_altar_wand_db, old_standard_altar,
          uniq_terence
D:4:      layout_basic, marbit_many_paths, nicolae_ashenzari_skybound,
          uniq_robin
D:5:      layout_basic, lemuel_doored_altar
D:6:      cheibrodos_fertilizer, layout_layer_cave,
          nicolae_overflow_crystal_walls, zin_angel, serial_shops,
          kennysheep_mini_moat
D:7:      cheibrodos_barr_body, layout_basic,
          minmay_temple_entry_enclosed_plants, enter_bailey_5
D:8:      layout_basic, mainiacjoe_overflow_large_starburst,
          nemelex_xobeh_ov_fountains_minmay, lair_entry_dummy
D:9:      layout_stronghold, kiku_gazebo_pond_becter,
          nicolae_ru_the_path_less_chosen, uniq_maggie, uniq_psyche,
          uniq_erolcha
D:10:     layout_stronghold, orc_0_dummy, chequers_serial_rivers_marsh,
          uniq_urug
D:11:     layout_roguey, hangedman_decor_riveting, minmay_the_grid_2x2
          [minmay_the_grid_spikes, minmay_the_grid_minigrid_large,
          minmay_the_grid_slots, minmay_the_grid_prize_four_corners], uniq_grum,
          uniq_sonja
D:12:     layout_irregular_city, uniq_rupert, uniq_nessos, uniq_azrael

Skill      XL: |  1  2  3  4  5  6  7  8  9 10 11 12 |
---------------+-------------------------------------+-----
Spellcasting   | 5 6 7 8 10 12 14 15 17 | 17.4
Armour         | 1 3 4 5 6 |  6.2
Fighting       | 1 2 3 4 5 |  5.0
Conjurations   | 2 3 4 6 7 8 9 10 | 10.9
Fire Magic     | 1 |  1.0
Dodging        | 3 |  3.0
Stealth        | 3 |  3.0
Air Magic      | 1 2 3 4 |  4.0
Poison Magic   | 1 |  1.2
Evocations     | 1 |  1.2
Earth Magic    | 1 3 4 6 7 9 |  9.4
Transmutations | 1 |  1.2
Summonings     | |  1.1
Translocations | |  1.1

Action                   |  1- 3 |  4- 6 |  7- 9 | 10-12 | 13-15 || total
-------------------------+-------+-------+-------+-------+-------++-------
Melee: Dagger            |    16 |       |       |       |       ||    16
       Mace              |       |     1 |       |       |       ||     1
       Short sword       |       |    20 |       |       |       ||    20
       Staff             |       |     3 |    23 |    30 |       ||    56
 Cast: Magic Dart        |    95 |    79 |    16 |    14 |       ||   204
       Conjure Flame     |     1 |     5 |    24 |    36 |       ||    66
       Mephitic Cloud    |     1 |     4 |    15 |    28 |       ||    48
       Shock             |       |    22 |   140 |    89 |       ||   251
       Call Imp          |       |     1 |     3 |     2 |       ||     6
       Blink             |       |       |    22 |     5 |       ||    27
       Stone Arrow       |       |       |     9 |   125 |       ||   134
       Lightning Bolt    |       |       |       |    42 |     1 ||    43
       Wereblood         |       |       |       |     2 |       ||     2
Evoke: Wand              |       |       |       |    11 |     1 ||    12
  Use: Potion            |       |       |     3 |       |       ||     3
       Scroll            |       |       |     5 |     9 |       ||    14
 Stab: Confused          |       |     1 |       |     1 |       ||     2
Armor: Robe              |     3 |       |       |       |       ||     3
       Leather armour    |     6 |    14 |    17 |     8 |       ||    45
       Skin              |       |       |     1 |       |       ||     1
       Steam dragon scal |       |       |       |    13 |       ||    13
       Acid dragon scale |       |       |       |     8 |     1 ||     9
Dodge: Dodged            |    25 |    20 |    38 |    68 |     1 ||   152
Block: Other             |       |     3 |     8 |    22 |       ||    33
       Reflection        |       |       |     3 |     4 |       ||     7

Table legend: (Time is in decaauts)
 A = Elapsed time spent in this place.
 B = Non-inter-level travel time spent in this place.
 C = Inter-level travel time spent in this place.
 D = Time resting spent in this place.
 E = Time spent auto-exploring this place.
 F = Levels seen in this place.
 G = Mean time per level.
                   A        B        C        D        E       F      G
               +--------+--------+--------+--------+--------+-----+--------+
         Total |  16812 |  16378 |    434 |   1162 |  12824 |  13 | 1293.2 |
       Dungeon |  16265 |  15831 |    434 |   1003 |  12672 |  12 | 1355.4 |
        Bailey |    547 |    547 |      0 |    159 |    152 |   1 |  547.0 |
               +--------+--------+--------+--------+--------+-----+--------+

Top non-repeatable levels by time:
     D:6: 2185 daAuts
    D:11: 2077 daAuts
     D:9: 1738 daAuts
     D:5: 1404 daAuts
     D:2: 1340 daAuts
     D:7: 1311 daAuts
     D:4: 1310 daAuts
    D:10: 1196 daAuts
     D:1: 970 daAuts
     D:3: 963 daAuts
     D:8: 897 daAuts
    D:12: 870 daAuts
  Bailey: 547 daAuts
